 Dungeon Crawl Stone Soup version 0.22.0-1-g6561e4c (webtiles) character file.

2996 sking99 the Conjurer (level 10, 59/59 HPs)
             Began as a Kobold Venom Mage on Aug 12, 2018.
             Was a Believer of Vehumet.
             Quit the game on level 8 of the Dungeon.
             The game lasted 00:23:28 (12108 turns).

sking99 the Conjurer (Kobold Venom Mage)           Turns: 12108, Time: 00:23:28

Health: 59/59      AC:  3    Str:  6    XL:     10   Next: 9%
Magic:  2/19       EV: 18    Int: 19    God:    Vehumet [**....]
Gold:   395        SH:  0    Dex: 16    Spells: 12/21 levels left

rFire    . . .     SeeInvis .   t - +3 dagger (elec)
rCold    . . .     Gourm    .   (shield restricted)
rNeg     . . .     Faith    .   a - +0 robe
rPois    +         Spirit   .   (no helmet)
rElec    .         Reflect  .   (no cloak)
rCorr    .         Harm     .   (no gloves)
MR       .....                  o - +0 pair of boots {run}
Stlth    +.........             (no amulet)
HPRegen  0.19/turn              b - ring of poison resistance
MPRegen  0.16/turn              w - ring of attention (curse)

@: quick
A: small, carnivore
a: Renounce Religion


You were on level 8 of the Dungeon.
You worshipped Vehumet.
Vehumet was pleased with you.
You were very full.

You visited 1 branch of the dungeon, and saw 8 of its levels.

You collected 395 gold pieces.

Inventory:

Hand Weapons
 t - a +3 dagger of electrocution (weapon)
Missiles
 p - 88 stones (quivered)
Armour
 a - a +0 robe (worn)
 o - a +0 pair of boots of running (worn)
Jewellery
 b - a ring of poison resistance (left hand)
 w - a cursed ring of attention (right hand)
Wands
 y - a wand of acid (10)
 D - a wand of flame (41)
Scrolls
 e - a scroll of acquirement {unknown}
 f - a scroll of blinking
 g - a scroll of magic mapping
 h - 5 scrolls of remove curse
 l - 5 scrolls of teleportation
 n - a scroll of brand weapon {unknown}
 r - 2 scrolls of enchant weapon
 v - a scroll of fear
 A - a scroll of holy word {unknown}
 C - 2 scrolls of identify
Potions
 d - a potion of cancellation
 i - 3 potions of degeneration
 j - a potion of invisibility
 k - 2 potions of haste
 m - 2 potions of might
 q - 2 potions of agility
 s - a potion of curing
 u - a potion of ambrosia {unknown}
 x - a potion of resistance {unknown}
 z - a potion of magic {unknown}
 B - a potion of flight {unknown}
 E - a potion of heal wounds
Comestibles
 c - 10 rations


   Skills:
 - Level 5.2 Fighting
 - Level 5.7 Dodging
 - Level 2.6 Stealth
 - Level 6.0 Spellcasting
 + Level 6.2 Conjurations
 + Level 3.5 Fire Magic
 - Level 3.0 Air Magic
 - Level 3.1 Earth Magic
 - Level 6.0 Poison Magic


You had 12 spell levels left.
You knew the following spells:

 Your Spells              Type           Power        Failure   Level  Hunger
a - Sting                 Conj/Pois      ####         1%          1    None
b - Poisonous Vapours     Pois/Air       ###...       2%          2    None
c - Sandblast             Erth           ###...       3%          1    None
d - Mephitic Cloud        Conj/Pois/Air  ####....     4%          3    ##.....
e - Throw Flame           Conj/Fire      ###...       2%          2    None

Your spell library contained the following spells:

 Spells                   Type           Power        Failure   Level  Hunger
 Fireball                 Conj/Fire      ###.......   38%         5    #####..
 Conjure Flame            Conj/Fire      ###.....     4%          3    ##.....
 Confuse                  Hex            #.......     32%         3    ##.....
 Venom Bolt               Conj/Pois      ####......   26%         5    #####..
 Olgreb's Toxic Radiance  Pois           ####....     10%         4    ####...
 Summon Small Mammal      Summ           #...         11%         1    None
 Sticky Flame             Conj/Fire      ###.....     16%         4    ####...
 Summon Ice Beast         Ice/Summ       #.......     73%         4    ####...
 Call Imp                 Summ           #.......     17%         2    None
 Tukima's Dance           Hex            #.......     32%         3    ##.....
 Flame Tongue             Conj/Fire      ###..        1%          1    None
 Call Canine Familiar     Summ           #.......     32%         3    ##.....
 Ensorcelled Hibernation  Hex/Ice        #.....       17%         2    None
 Corona                   Hex            #......      11%         1    None
 Inner Flame              Hex/Fire       ##......     16%         3    ##.....
 Dazzling Spray           Conj/Hex       ###...       10%         3    ##.....
 Summon Lightning Spire   Summ/Air       ##......     52%         4    ####...
 Summon Guardian Golem    Hex/Summ       #.......     32%         3    ##.....


Dungeon Overview and Level Annotations

Branches:
Dungeon (8/15)             Temple (0/1) D:6
   Lair: D:8-11

Altars:
Cheibriados
Elyvilon
Fedhas
Gozag
Ru
Vehumet
Xom
Yredelemnul
The Shining One

Annotations:
D:6 exclusion: door


Innate Abilities, Weirdness & Mutations

You are small and have problems with some larger weapons.
You are carnivorous and can eat meat at any time.


Message History

Aiming: Sting (safe; 1% risk of failure)
Press: ? - help, Shift-Dir - straight line, f/p - Maurice
Aim: Maurice, wielding a short sword and wearing a glowing cloak (almost dead, poisoned, confused)
The sting hits Maurice.
Maurice looks as sick as possible!
Maurice is almost dead.
You start resting.
Vehumet accepts your kill.
You feel your power returning.
Your Conjurations skill increases to level 6!
Your Fire Magic skill increases to level 3!
You have reached level 10!
You feel stronger.
You feel a bit more experienced.
Okay, then.
Unknown command.
Quiver which item? (- for none, * to show all) (? for menu, Esc to quit)
You don't have any such object.
Quiver which item? (- for none, * to show all) (? for menu, Esc to quit)
Okay, then.
Are you sure you want to abandon this character and quit the game? (Confirm with "yes".)

...................#
...................#
...................#
...................###
....#+####+####......#
.... #......# ##
#......# #......#
#@.....# #....####
#....# #....# #....#
..#### .. ...


There were no monsters in sight!

Vanquished Creatures
  Maurice (D:8)
  Joseph (D:8)
  A water moccasin (D:4)
  2 orc warriors
  2 ice beasts
  A centaur (D:5)
  4 bullfrogs
  A wyvern skeleton (D:6)
  9 wights (D:6)
  2 howler monkeys
  3 jellies
  A centaur zombie (D:6)
  3 crimson imps
  A centaur skeleton (D:6)
  3 hounds
  5 orc priests
  2 bullfrog skeletons
  An iguana (D:8)
  4 orc wizards
  4 worker ants
  A killer bee zombie (D:7)
  A hound zombie (D:6)
  3 gnolls (D:7)
  3 adders
  3 shadow imps
  An adder skeleton (D:5)
  An adder zombie (D:5)
  A worm (D:2)
  5 dart slugs
  2 leopard geckos
  30 orcs
  A ball python (D:6)
  8 giant cockroaches
  5 goblins
  5 hobgoblins
  4 jackals
  6 quokkas
  15 bats
  3 frilled lizards
  10 kobolds
  3 leopard gecko skeletons
  10 rats
172 creatures vanquished.

Notes
Turn   | Place    | Note
-------+----------+-------------------------------------------
     0 | D:1      | sking99 the Kobold Venom Mage began the quest for the Orb.
     0 | D:1      | Reached XP level 1. HP: 10/10 MP: 3/3
   172 | D:1      | Reached XP level 2. HP: 15/15 MP: 0/5
   228 | D:1      | Learned a level 2 spell: Poisonous Vapours
   565 | D:1      | Reached XP level 3. HP: 19/19 MP: 2/6
  1317 | D:2      | Reached skill level 1 in Air Magic
  1553 | D:2      | Reached XP level 4. HP: 24/24 MP: 5/8
  2282 | D:3      | Reached XP level 5. HP: 27/28 MP: 0/9
  2505 | D:3      | Found a radiant altar of Vehumet.
  2505 | D:3      | Found a snail-covered altar of Cheibriados.
  3327 | D:3      | Became a worshipper of Vehumet
  3514 | D:3      | Identified a +0 pair of boots of running (You found it on level 3 of the Dungeon)
  4365 | D:4      | Reached XP level 6. HP: 32/32 MP: 5/10
  4819 | D:5      | Entered Level 5 of the Dungeon
  4819 | D:5      | Noticed a water moccasin
  4848 | D:4      | Killed a water moccasin
  5120 | D:5      | Reached XP level 7. HP: 31/36 MP: 1/12
  5590 | D:5      | Found a white marble altar of Elyvilon.
  6557 | D:5      | Reached skill level 5 in Dodging
  6736 | D:6      | Reached XP level 8. HP: 39/41 MP: 14/14
  6773 | D:6      | HP: 2/41 [wyvern skeleton (4)]
  6776 | D:6      | Reached skill level 5 in Poison Magic
  6970 | D:6      | Found a staircase to the Ecumenical Temple.
  7007 | D:6      | Found a sacrificial altar of Ru.
  7023 | D:6      | Reached skill level 1 in Fighting
  7120 | D:6      | Reached * piety under Vehumet
  7120 | D:6      | Offered knowledge of Sandblast by Vehumet.
  7423 | D:6      | Learned a level 1 spell: Sandblast
  7536 | D:6      | Found a glowing golden altar of the Shining One.
  7541 | D:6      | Found a basalt altar of Yredelemnul.
  7543 | D:6      | Noticed a profane servitor
  7806 | D:6      | Reached skill level 1 in Earth Magic
  8670 | D:6      | Noticed an angel
  8749 | D:6      | Reached XP level 9. HP: 41/50 MP: 15/15
  9023 | D:5      | Learned a level 3 spell: Mephitic Cloud
  9051 | D:6      | Reached skill level 5 in Conjurations
  9373 | D:7      | Reached skill level 5 in Spellcasting
  9908 | D:7      | HP: 2/52 [ice beast (10)]
 10424 | D:7      | Learned a level 2 spell: Throw Flame
 10802 | D:7      | Reached skill level 1 in Fire Magic
 11108 | D:7      | Found an opulent altar of Gozag.
 11111 | D:7      | Found a blossoming altar of Fedhas.
 11114 | D:7      | Found a shimmering altar of Xom.
 11676 | D:8      | Noticed Joseph
 11683 | D:8      | Reached ** piety under Vehumet
 11683 | D:8      | Offered knowledge of Shock by Vehumet.
 11707 | D:8      | Killed Joseph
 11707 | D:8      | Reached skill level 5 in Fighting
 12095 | D:8      | Noticed Maurice
 12107 | D:8      | Killed Maurice
 12107 | D:8      | Reached XP level 10. HP: 59/59 MP: 2/19
 12108 | D:8      | Quit the game

Skill      XL: |  1  2  3  4  5  6  7  8  9 |
---------------+----------------------------+-----
Dodging        | 3 4 5 |  5.7
Air Magic      | 1 2 3 |  3.0
Spellcasting   | 3 4 6 |  6.0
Conjurations   | 2 3 4 6 |  6.2
Poison Magic   | 4 5 6 |  6.0
Fighting       | 3 5 |  5.2
Earth Magic    | 1 3 |  3.1
Fire Magic     | 3 |  3.5
Stealth        | |  2.6

Action                   |  1- 3 |  4- 6 |  7- 9 | 10-12 || total
-------------------------+-------+-------+-------+-------++-------
Melee: Dagger            |    12 |    60 |   265 |       ||   337
 Cast: Sting             |    64 |    59 |   129 |       ||   252
       Poisonous Vapours |     4 |    27 |    65 |       ||    96
       Sandblast         |       |       |    36 |       ||    36
       Mephitic Cloud    |       |       |     2 |       ||     2
  Use: Scroll            |       |    12 |     4 |       ||    16
       Potion            |       |     2 |     1 |       ||     3
 Stab: Sleeping          |       |       |     3 |       ||     3
       Paralysed         |       |       |     1 |       ||     1
  Eat: Chunk             |    11 |     7 |    26 |       ||    44
Armor: Robe              |       |     7 |    23 |       ||    30
Dodge: Dodged            |    19 |    66 |   273 |       ||   358
